 Dungeon Sprint DCSS version 0.20-a0-640-g62ed22f (webtiles) character file.

1402 esc the Fighter (level 8, -3/59 HPs)
             Began as a Gargoyle Berserker on Feb 12, 2017.
             Was an Elder of Trog.
             Slain by a polar bear (10 damage)
             ... in the Dungeon (Sprint II: "The Violet Keep of Menkaure").
             The game lasted 00:03:18 (415 turns).

esc the Fighter (Gargoyle Berserker)                 Turns: 415, Time: 00:03:18

Health: -3/59      AC:  8    Str: 23    XL:     8   Next: 69%
Magic:  8/8        EV: 15    Int:  8    God:    Trog [****..]
Gold:   972        SH:  0    Dex:  9    Spells: 7/7 levels left

rFire    . . .     SeeInvis .   a - +0 mace
rCold    . . .     Gourm    .   b - +0 animal skin
rNeg     + . .     Faith    .   (no shield)
rPois    ∞         Spirit   .   (no helmet)
rElec    +         Reflect  .   (no cloak)
rCorr    .         Harm     .   (no gloves)
MR       .....     NoTele   +   (no boots)
Stlth    +.........             (no amulet)
Regen    0.2/turn               (no ring)
MPRegen  0.2/turn               (no ring)

@: exhausted, slowed, very slow
A: negative energy resistance 1, electricity resistance, unbreathing,
petrification resistance, rot immunity, AC +5
a: Berserk, Trog's Hand, Brothers in Arms, Burn Spellbooks, Renounce Religion


You were in the Dungeon.
You worshipped Trog.
Trog was greatly pleased with you.
You were very hungry.

You visited 1 branch You collected 972 gold pieces.

Inventory:

Hand Weapons
 a - a +0 mace (weapon)
Armour
 b - a +0 animal skin (worn)
Scrolls
 i - a scroll of blinking {!r}
Potions
 d - a potion of curing
 e - a potion of heal wounds
 f - a potion of haste
 g - 2 potions of magic
 h - a potion of berserk rage {!q}
Comestibles
 c - a bread ration {@e1}
 j - 7 chunks of flesh {@w0}


   Skills:
 + Level 10.7 Fighting
 + Level 10.0 Maces & Flails
 + Level 10.5 Armour
 + Level 8.1 Dodging


You had 7 spell levels left.
You didn't know any spells.

Dungeon Overview and Level Annotations

Branches:
Dungeon (1/1)

Altars:
Cheibriados
Dithmenos
Elyvilon
Fedhas
Gozag
Hepliaklqana
Kikubaaqudgha
Makhleb
Nemelex Xobeh
Okawaru
Qazlal
Ru
Sif Muna
Trog
Uskayaw
Vehumet
Xom
Yredelemnul
Zin
The Shining One
Beogh
Jiyva
Lugonu


Innate Abilities, Weirdness & Mutations

You are resistant to torment.
Your stone body is resilient. (AC +5)
You are immune to poison.
You resist negative energy. (rN+)
You are resistant to electric shocks. (rElec)
You can survive without breathing.
You are immune to petrification.
You are immune to rotting.


Message History

You now have 972 gold pieces (gained 243).
You open the door.
There is an open door here.
Found a snail-covered altar of Cheibriados.
Found a shadowy altar of Dithmenos.
Found four altars.
Found three altars.
You enter the shallow water.
Moving in this stuff is going to be slow.
Found six altars.
Found a sparkling altar of Nemelex Xobeh and a hide-covered altar of Uskayaw.
You open the door.
Found a glowing silver altar of Zin.
A polar bear and a hornet come into view.
The polar bear growls angrily.
Found three items.
Found three altars.
A polar bear comes into view.
There is an open door here.
A yaktaur comes into view.
The yaktaur shouts!
The polar bear growls angrily.
The hornet moves out of view.
Found eight items.
Found a stormy altar of Qazlal and a shimmering altar of Xom.
A polar bear comes into view.
You close the door.
The polar bear growls angrily.
Unknown command.
Okay, then.
You open the door.
A red film seems to cover your vision as you go berserk!
You feel yourself moving faster!
You feel mighty!
You are feeling very hungry.
You now have 85/85 hp.
You thump the polar bear! You hit the polar bear. The hornet barely misses you.
The polar bear bites you! The polar bear barely misses you.
The polar bear misses you.
You take 15 damage, and have 70/85 hp.
You closely miss the polar bear.
The hornet stings you but does no damage.
The polar bear closely misses you.
The polar bear claws you but does no damage.
The polar bear claws you.
You take 2 damage, and have 68/85 hp.
You sock the polar bear! The hornet closely misses you.
You thump the polar bear!
You kill the polar bear!
Trog accepts your kill.
Your Armour skill increases to level 10!
The hornet stings you!
You take 6 damage, and have 62/87 hp.
You hit the hornet. The hornet barely misses you.
You hit the hornet. You sock the hornet! The hornet stings you.
You take 6 damage, and have 56/87 hp.
You closely miss the hornet. The hornet stings you!
You take 10 damage, and have 46/87 hp.
You hit the hornet but do no damage. The hornet stings you.
You take 4 damage, and have 42/87 hp.
You sock the hornet! The hornet closely misses you.
You barely miss the hornet. The hornet stings you!
You take 10 damage, and have 32/87 hp.
You miss the hornet. The hornet misses you.
You hit the hornet. You sock the hornet!
You kill the hornet!
Trog accepts your kill.
Your Maces & Flails skill increases to level 10!
Your Dodging skill increases to level 8!
You bludgeon the polar bear!! You closely miss the polar bear.
You are no longer berserk.
You are exhausted.
You feel yourself slow down.
The polar bear closely misses you. x2; The polar bear claws you.
You now have 19/59 hp.
You closely miss the polar bear. The polar bear barely misses you.
The polar bear claws you. The polar bear completely misses you.
You take 1 damage, and have 18/59 hp.
You hit the polar bear. The polar bear barely misses you.
The polar bear claws you but does no damage. x2
You completely miss the polar bear. The polar bear bites you.
* * * LOW HITPOINT WARNING * * *
The polar bear claws you.
* * * LOW HITPOINT WARNING * * *
The polar bear claws you but does no damage.
The polar bear bites you.
* * * LOW HITPOINT WARNING * * *
The polar bear claws you but does no damage.
The polar bear barely misses you.
You take 10 damage, and have 8/59 hp.
Unknown command.
The polar bear bites you but does no damage.
The polar bear claws you.
* * * LOW HITPOINT WARNING * * *
The polar bear closely misses you. x2
The polar bear claws you but does no damage.
The polar bear closely misses you.
You take 1 damage, and have 7/59 hp.
The polar bear bites you!
You die... #..# ...# ...# ..####..## #..# .# $?? ÷###.##..# +..# .# !$!$ .##.#.#..# #..# .# ??[!

<.'###'..### ..##.#▓?[[(
.##.#.#....###...##▓▓▓▓▓
'###.##....§.≈≈c≈≈≈≈≈≈≈≈
#.####≈≈.§.§§≈#h########
##.#≈≈§≈≈≈§.§§#h@..._._#
.###≈§≈≈≈≈§≈§§#...._._.#
+##≈§≈§§§§§≈≈≈#..._._._#
≈≈≈≈≈≈≈≈≈≈≈§§#.._._._.#
+++#≈≈≈§≈§§≈§#._._._._#
##≈§≈###§§#_._._._.# #§≈
#≈≈#._._._..#
#≈≈#.._._...#
≈§≈##########


You could see 2 polar bears and a yaktaur.

Vanquished Creatures
  A merfolk siren (D)
  A polar bear (D)
  A hornet (D)
  2 hippogriffs (D)
  4 necrophages (D)
  3 worms (D)
12 creatures vanquished.

Vanquished Creatures (others)
  Menkaure (D)
  A crocodile (D)
2 creatures vanquished.

Grand Total: 14 creatures vanquished

Notes
Turn   | Place    | Note
-------+----------+-------------------------------------------
     0 | D        | esc the Gargoyle Berserker began the quest for the Orb.
     0 | D        | Reached XP level 1. HP: 14/14 MP: 1/1
     1 | D        | Noticed a necrophage
     1 | D        | Noticed a necrophage
     1 | D        | Noticed a necrophage
     1 | D        | Noticed a necrophage
     7 | D        | Killed a necrophage
     7 | D        | Reached skill level 5 in Fighting
     7 | D        | Reached skill level 5 in Maces & Flails
     7 | D        | Reached skill level 5 in Armour
     7 | D        | Reached skill level 3 in Dodging
     7 | D        | Reached XP level 2. HP: 21/21 MP: 2/2
     7 | D        | Reached XP level 3. HP: 26/26 MP: 3/3
     7 | D        | Reached XP level 4. HP: 31/31 MP: 4/4
    10 | D        | Killed a necrophage
    10 | D        | Reached skill level 6 in Fighting
    10 | D        | Reached skill level 6 in Maces & Flails
    10 | D        | Reached skill level 6 in Armour
    10 | D        | Reached skill level 4 in Dodging
    10 | D        | Reached XP level 5. HP: 37/37 MP: 5/5
    12 | D        | Killed a necrophage
    12 | D        | Reached ** piety under Trog
    12 | D        | Reached skill level 7 in Fighting
    12 | D        | Reached skill level 7 in Armour
    12 | D        | Reached skill level 5 in Dodging
    12 | D        | Reached XP level 6. HP: 44/44 MP: 6/6
    15 | D        | Killed a necrophage
    15 | D        | Reached skill level 8 in Fighting
    15 | D        | Reached skill level 7 in Maces & Flails
    24 | D        | Killed Menkaure
    51 | D        | Noticed a merfolk siren
    68 | D        | Killed a merfolk siren
    68 | D        | Reached skill level 9 in Fighting
    68 | D        | Reached skill level 8 in Maces & Flails
    68 | D        | Reached skill level 9 in Armour
    68 | D        | Reached skill level 6 in Dodging
    68 | D        | Reached XP level 7. HP: 21/51 MP: 7/7
   258 | D        | Reached *** piety under Trog
   305 | D        | Noticed a hippogriff
   305 | D        | Noticed a hippogriff
   311 | D        | Killed a hippogriff
   311 | D        | Reached skill level 9 in Maces & Flails
   311 | D        | Reached skill level 7 in Dodging
   319 | D        | Killed a hippogriff
   319 | D        | Reached **** piety under Trog
   319 | D        | Reached skill level 10 in Fighting
   319 | D        | Reached XP level 8. HP: 57/57 MP: 8/8
   378 | D        | Found a snail-covered altar of Cheibriados.
   379 | D        | Found a shadowy altar of Dithmenos.
   380 | D        | Found a white marble altar of Elyvilon.
   380 | D        | Found an ancient bone altar of Kikubaaqudgha.
   380 | D        | Found a roughly hewn altar of Beogh.
   380 | D        | Found a viscous altar of Jiyva.
   381 | D        | Found a blossoming altar of Fedhas.
   381 | D        | Found a corrupted altar of Lugonu.
   381 | D        | Found a deep blue altar of Sif Muna.
   382 | D        | Found an opulent altar of Gozag.
   382 | D        | Found a burning altar of Makhleb.
   382 | D        | Found a bloodstained altar of Trog.
   382 | D        | Found a hazy altar of Hepliaklqana.
   382 | D        | Found a sacrificial altar of Ru.
   382 | D        | Found a basalt altar of Yredelemnul.
   383 | D        | Found a sparkling altar of Nemelex Xobeh.
   383 | D        | Found a hide-covered altar of Uskayaw.
   384 | D        | Found a glowing silver altar of Zin.
   385 | D        | Found an iron altar of Okawaru.
   385 | D        | Found a radiant altar of Vehumet.
   385 | D        | Found a glowing golden altar of the Shining One.
   385 | D        | Noticed a hornet
   385 | D        | Noticed a polar bear
   386 | D        | Noticed a polar bear
   386 | D        | Found a stormy altar of Qazlal.
   386 | D        | Found a shimmering altar of Xom.
   386 | D        | Noticed a yaktaur
   387 | D        | Noticed a polar bear
   398 | D        | Killed a polar bear
   398 | D        | Reached skill level 10 in Armour
   408 | D        | Killed a hornet
   408 | D        | Reached skill level 10 in Maces & Flails
   408 | D        | Reached skill level 8 in Dodging
   413 | D        | HP: 12/59 [polar bear (6)]
   415 | D        | Slain by a polar bear

Vault maps used:
D:        the_violet_keep_of_menkaure

Skill      XL: |  1  2  3  4  5  6  7  8 |
---------------+-------------------------+-----
Fighting       | 5 6 7 9 10 | 10.7
Maces & Flails | 5 6 8 9 10 | 10.0
Armour         | 5 6 7 9 10 | 10.5
Dodging        | 3 4 5 6 7 8 |  8.1

Action                   |  1- 3 |  4- 6 |  7- 9 || total
-------------------------+-------+-------+-------++-------
Melee: Mace              |     5 |    23 |    52 ||    80
Invok: Berserk           |     1 |       |     2 ||     3
Armor: Animal skin       |     1 |     1 |    13 ||    15
Dodge: Dodged            |       |     4 |    35 ||    39

Vault maps used:
D:        the_violet_keep_of_menkaure

Table legend:
 A = Turns spent in this place as a percentage of turns spent in the entire game.
 B = Non-inter-level travel turns spent in this place as a percentage of non-inter-level travel turns spent in the entire game.
 C = Inter-level travel turns spent in this place as a percentage of turns spent in this place.
 D = Turns resting spent in this place as a percentage of non-inter-level travel turns spent in this place.
 E = Turns spent auto-exploring this place as a percentage of non-inter-level travel turns spent in this place.
 F = Non-inter-level travel turns spent in this place divided by the number of levels of this place that you've seen.
                   A       B       C       D       E      F
               +-------+-------+-------+-------+-------+----------------------
         Total | 100.0 | 100.0 |   0.0 |   5.9 |   0.0 | 185.0
       Dungeon | 100.0 | 100.0 |   0.0 |   5.9 |   0.0 | 185.0
               +-------+-------+-------+-------+-------+----------------------

Table legend:
 A = Kills in this place as a percentage of kills in entire the game.
 B = Kills by you in this place as a percentage of kills by you in the entire game.
 C = Kills by friends in this place as a percentage of kills by friends in the entire game.
 D = Other kills in this place as a percentage of other kills in the entire game.
 E = Experience gained in this place as a percentage of experience gained in the entire game.
 F = Experience gained in this place divided by the number of levels of this place that you have seen.
                   A       B       C       D       E      F
               +-------+-------+-------+-------+-------+----------------------
         Total | 100.0 | 100.0 |  -nan |  -nan | 100.0 | 2003.0
       Dungeon | 100.0 | 100.0 |  -nan |  -nan | 100.0 | 2003.0
               +-------+-------+-------+-------+-------+----------------------
